[Event "ICC tourney 2004 (25 5)"]
[Site "Internet Chess Club"]
[Date "2020.09.13"]
[Round "1"]
[White "KnightHopper"]
[Black "stepke"]
[Result "1-0"]
[ICCResult "Black resigns"]
[WhiteElo "2032"]
[BlackElo "1410"]
[Opening "Sicilian: Smith-Morra gambit"]
[ECO "B21"]
[NIC "SI.48"]
[Time "12:04:53"]
[TimeControl "1500+5"]

1. e4 c5 2. d4 cxd4 3. c3 dxc3 4. Nxc3 Nc6 5. Nf3 d6 6. Bc4 Nf6 7. e5 dxe5
8. Qxd8+ Nxd8 9. Nb5 Rb8 10. Nxe5 e6 11. Bf4 Bb4+ 12. Ke2 O-O 13. Nd3 Ra8
14. Nxb4 a6 15. Nc7 Ra7 16. Bd6 {Black resigns} 1-0

[Event "ICC tourney 2004 (25 5)"]
[Site "Internet Chess Club"]
[Date "2020.09.13"]
[Round "1"]
[White "chessrex"]
[Black "TjkTiger"]
[Result "0-1"]
[ICCResult "White resigns"]
[WhiteElo "1993"]
[BlackElo "2612"]
[Opening "Blackmar-Diemer gambit"]
[ECO "A45"]
[NIC "QP.07"]
[Time "12:05:04"]
[TimeControl "1500+5"]

1. d4 Nf6 2. f3 d5 3. e4 dxe4 4. Nc3 exf3 5. Nxf3 g6 6. Bc4 Bg7 7. O-O O-O
8. h3 b6 9. Qe1 Bb7 10. Qh4 Bxf3 11. Rxf3 Nc6 12. Ne2 Na5 13. Bd3 c5 14.
dxc5 bxc5 15. c3 Nc6 16. Bc2 Rb8 17. Rb1 Qd5 18. Bb3 Rxb3 19. axb3 Qd1+ 20.
Kf2 Ne5 21. Re3 Nd3+ 22. Rxd3 Qxd3 23. Ra1 Ne4+ 24. Ke1 Nxc3 25. Nxc3 Bxc3+
26. Kf2 Qc2+ 27. Kg1 Qd1+ 28. Kh2 Be5+ 29. g3 Qe2+ 30. Kh1 Qf3+ 31. Kh2 Qf2+
32. Kh1 Bxg3 {White resigns} 0-1

[Event "ICC tourney 2004 (25 5)"]
[Site "Internet Chess Club"]
[Date "2020.09.13"]
[Round "1"]
[White "jy2020"]
[Black "chesslin"]
[Result "1-0"]
[ICCResult "Black resigns"]
[WhiteElo "2247"]
[BlackElo "1944"]
[Opening "Robatsch (modern) defense"]
[ECO "B06"]
[NIC "KF.05"]
[Time "12:05:20"]
[TimeControl "1500+5"]

1. e4 g6 2. d4 Bg7 3. Nf3 d6 4. Bc4 Nf6 5. Qe2 O-O 6. e5 dxe5 7. dxe5 Nd5 8.
O-O Bg4 9. h3 Bxf3 10. Qxf3 e6 11. Qe4 Nc6 12. f4 Nb6 13. Bd3 Qd4+ 14. Qxd4
Nxd4 15. Be3 Nf5 16. Bc5 Rfd8 17. g4 Nh6 18. Nd2 Rd5 19. Be3 c6 20. Ne4 Rad8
21. Kf2 Kh8 22. Ke2 Ng8 23. Rad1 h6 24. Nd6 R8xd6 25. exd6 Rxd6 26. c4 Na4
27. Bc2 Rxd1 28. Rxd1 Nxb2 29. Rd7 Nxc4 30. Rxf7 Nxe3 31. Kxe3 b6 32. Bxg6
c5 33. Rxa7 Bd4+ 34. Kf3 Nf6 35. h4 c4 36. g5 hxg5 37. fxg5 Nd5 38. h5 c3
39. h6 {Black resigns} 1-0

[Event "ICC tourney 2004 (25 5)"]
[Site "Internet Chess Club"]
[Date "2020.09.13"]
[Round "1"]
[White "tedchen"]
[Black "Zwish"]
[Result "1-0"]
[ICCResult "Black resigns"]
[WhiteElo "2364"]
[BlackElo "1948"]
[Opening "Queen's pawn game"]
[ECO "A50"]
[NIC "QP.07"]
[Time "12:04:55"]
[TimeControl "1500+5"]

1. d4 Nf6 2. c4 a6 3. Nc3 c5 4. dxc5 Qa5 5. Nf3 Qxc5 6. e4 d6 7. Be2 Be6 8.
Be3 Qc7 9. Rc1 Nbd7 10. Nd4 Nc5 11. f3 g6 12. O-O Bg7 13. Nd5 Qd8 14. b4
Ncd7 15. Qb3 Ne5 16. Rfd1 Bd7 17. c5 dxc5 18. bxc5 Rb8 19. Bf4 Nxd5 20. exd5
O-O 21. Qe3 Ba4 22. Bxe5 Bxd1 23. Bxg7 Kxg7 24. Qe5+ Kg8 25. Bxd1 Qd7 26.
Bb3 Rbc8 27. h4 Rc7 28. h5 h6 29. hxg6 {Black resigns} 1-0

[Event "ICC tourney 2004 (25 5)"]
[Site "Internet Chess Club"]
[Date "2020.09.13"]
[Round "1"]
[White "challenger2010"]
[Black "vyomvidy"]
[Result "1/2-1/2"]
[ICCResult "Game drawn by repetition"]
[WhiteElo "1974"]
[BlackElo "2309"]
[Opening "Réti opening"]
[ECO "A11"]
[NIC "RE.05"]
[Time "12:04:54"]
[TimeControl "1500+5"]

1. Nf3 d5 2. c4 c6 3. g3 Nf6 4. Bg2 Bg4 5. Ne5 e6 6. Nxg4 Nxg4 7. e4 Ne5 8.
cxd5 Nd3+ 9. Ke2 Nxc1+ 10. Qxc1 exd5 11. exd5 cxd5 12. Re1 Be7 13. Kf1 O-O
14. Nc3 Nc6 15. Nxd5 Bd6 16. Qc4 Rc8 17. Qa4 Qg5 18. Rad1 Rfd8 19. Nc3 Qh5
20. h4 Ne5 21. Ne4 Bf8 22. Ng5 Nd3 23. Bf3 Qh6 24. Qb3 Qf6 25. Re3 Nxb2 26.
Bd5 Nxd1 27. Rf3 Qb2 28. Nxf7 Qxb3 29. Nh6+ Kh8 30. Nf7+ Kg8 31. Nh6+ Kh8
32. Nf7+ Kg8 33. Nh6+ {Game drawn by repetition} 1/2-1/2

[Event "ICC tourney 2004 (25 5)"]
[Site "Internet Chess Club"]
[Date "2020.09.13"]
[Round "1"]
[White "OctopusYule"]
[Black "Drachekokosnuss"]
[Result "0-1"]
[ICCResult "White resigns"]
[WhiteElo "1867"]
[BlackElo "2152"]
[Opening "Ruy Lopez: Marshall, main line, 14...Qh3"]
[ECO "C89"]
[NIC "RL.17"]
[Time "12:04:58"]
[TimeControl "1500+5"]

1. e4 e5 2. Nf3 Nc6 3. Bb5 a6 4. Ba4 Nf6 5. O-O Be7 6. Re1 b5 7. Bb3 O-O 8.
c3 d5 9. exd5 Nxd5 10. Nxe5 Nxe5 11. Rxe5 c6 12. d4 Bd6 13. Re1 Qh4 14. g3
Qh3 15. Be3 Bg4 16. Qd3 f5 17. Qf1 Qh5 18. f4 g5 19. fxg5 f4 20. Bxf4 Bxf4
21. gxf4 Bf3 22. h3 Rxf4 23. Re5 Raf8 24. Nd2 Rg4+ 25. Kh2 Rg2+ 26. Qxg2
Bxg2 27. Kxg2 Kg7 28. Bxd5 cxd5 29. Nf3 Qxf3+ 30. Kh2 Qf2+ 31. Kh1 Rf3
{White resigns}
0-1

[Event "ICC tourney 2004 (25 5)"]
[Site "Internet Chess Club"]
[Date "2020.09.13"]
[Round "1"]
[White "andrewjiang2"]
[Black "clair"]
[Result "1-0"]
[ICCResult "Black resigns"]
[WhiteElo "2075"]
[BlackElo "1714"]
[Opening "Scandinavian (center counter) defense"]
[ECO "B01"]
[NIC "VO.17"]
[Time "12:04:53"]
[TimeControl "1500+5"]

1. e4 d5 2. e5 c5 3. c3 Nc6 4. Nf3 Bg4 5. Bb5 e6 6. d4 cxd4 7. cxd4 Ne7 8.
O-O Qb6 9. Bxc6+ Nxc6 10. Be3 Qxb2 11. Nbd2 Rb8 12. Qa4 Qb4 13. Qc2 Be7 14.
Rab1 Qa5 15. Rxb7 Rxb7 16. Qxc6+ Rd7 17. Rb1 Qc7 18. Qxc7 Rxc7 19. Rb8+ Bd8
20. Bg5 Rd7 21. Nb3 O-O 22. Nc5 Bxg5 23. Rxf8+ Kxf8 24. Nxd7+ Ke7 25. Nxg5
h6 26. Nxf7 Kxf7 27. Nb8 Be2 28. Nc6 Bb5 29. Nxa7 Bd7 30. a4 Bxa4 31. Nc8
Bc2 32. Nd6+ Kg6 33. f4 Kh5 34. Kf2 Kg4 35. Ke3 g6 36. Nf7 h5 37. Ng5 Bf5
38. g3 h4 39. Kf2 hxg3+ 40. hxg3 Kh5 41. Kf3 Bg4+ 42. Ke3 Bf5 43. Nh7 Kg4
44. Kf2 Kh3 45. Nf6 Bc2 46. Ne8 Kg4 47. Ng7 Bf5 48. Nxf5 gxf5 49. Kg2 Kh5
50. Kf3 Kh6 51. g4 fxg4+ 52. Kxg4 Kg6 53. f5+ exf5+ 54. Kf4 Kf7 55. Kxf5 Ke7
56. e6 Kf8 57. Kf6 Ke8 58. e7 Kd7 59. Kf7 Kc6 60. e8=Q+ {Black resigns} 1-0

[Event "ICC tourney 2004 (25 5)"]
[Site "Internet Chess Club"]
[Date "2020.09.13"]
[Round "1"]
[White "londonkid"]
[Black "drberkley"]
[Result "1-0"]
[ICCResult "Black resigns"]
[WhiteElo "2133"]
[BlackElo "1907"]
[Opening "King's Indian: Smyslov system"]
[ECO "E61"]
[NIC "KI.76"]
[Time "12:04:54"]
[TimeControl "1500+5"]

1. d4 Nf6 2. c4 g6 3. Nc3 Bg7 4. Nf3 d6 5. Bg5 O-O 6. e3 c5 7. d5 Bg4 8. Be2
a6 9. a4 Nbd7 10. h3 Bxf3 11. Bxf3 b6 12. O-O Rb8 13. Qc2 Qc7 14. Be2 Rfe8
15. Kh1 Rbd8 16. f4 e6 17. e4 Rf8 18. dxe6 fxe6 19. f5 Rde8 20. fxe6 Rxe6
21. Nd5 Qd8 22. Bg4 Re5 23. Bf4 Nxg4 24. Bxe5 Ngxe5 25. Qe2 Nf6 26. Nxf6+
Rxf6 27. Rxf6 Qxf6 28. Rf1 Qh4 29. b3 Qg3 30. Qd1 Nd3 31. Qf3 Qxf3 32. Rxf3
Nb4 33. g3 Nc6 34. Kh2 Nd4 35. Rd3 Kf7 36. Kg2 Ke6 37. Kf2 Ke5 38. g4 Bh6
39. h4 Bf4 40. h5 Kxe4 41. hxg6 hxg6 42. Rh3 g5 43. Rh7 Nxb3 44. Rb7 Nd2 45.
Rxb6 Nxc4 46. Rxa6 d5 47. a5 d4 48. Ra8 d3 49. Re8+ Kd4 50. a6 d2 51. Ke2
Nb2 52. Rd8+ Kc3 53. a7 d1=Q+ 54. Rxd1 Nxd1 55. Kxd1 Be3 56. a8=Q Kd3 57.
Qa3+ Ke4 58. Ke2 Bd4 59. Qf3+ Ke5 60. Qf5+ Kd6 61. Qxg5 Kc6 62. Qh6+ Kb5 63.
g5 Kb4 64. g6 c4 65. g7 Bxg7 66. Qxg7 Kb3 67. Kd2 Kb4 68. Qc3+ {Black
resigns} 1-0

[Event "ICC tourney 2004 (25 5)"]
[Site "Internet Chess Club"]
[Date "2020.09.13"]
[Round "1"]
[White "town"]
[Black "BreatheChessAls"]
[Result "0-1"]
[ICCResult "White checkmated"]
[WhiteElo "2128"]
[BlackElo "1966"]
[Opening "Sicilian: Labourdonnais-Löwenthal (Kalashnikov) variation"]
[ECO "B32"]
[NIC "SI.32"]
[Time "12:05:00"]
[TimeControl "1500+5"]

1. e4 c5 2. Nf3 Nc6 3. d4 cxd4 4. Nxd4 e5 5. Nb5 d6 6. N1c3 a6 7. Na3 Be7 8.
Nc4 b5 9. Ne3 Nf6 10. Ned5 O-O 11. Be2 Be6 12. Be3 Bxd5 13. exd5 Nb8 14. O-O
Nbd7 15. a4 b4 16. Na2 a5 17. c3 Nb6 18. cxb4 Nbxd5 19. b5 Nxe3 20. fxe3 d5
21. Qb3 Bc5 22. Kh1 Ne4 23. Rad1 Qh4 24. Kg1 d4 25. Nc1 dxe3 26. Qc4 Bd4 27.
Rxd4 exd4 28. Qxd4 Rad8 29. Qxe3 Nd2 30. Qf4 Qe7 31. Rf2 Ne4 32. Rf1 f5 33.
Kh1 Kh8 34. Bd3 Qc5 35. h3 g5 36. Qh2 Nf2+ 37. Rxf2 Qxc1+ 38. Rf1 Qxb2 39.
Bb1 Qe2 40. Qg1 f4 41. Re1 Qd2 42. Rf1 Qe3 43. Re1 Qxg1+ 44. Kxg1 Rfe8 45.
Rc1 Rd4 46. b6 Rb4 47. Bd3 Rxb6 48. Rc7 Rd6 49. Bf5 Rd2 50. Bg4 Rb8 51. Bf3
Ra2 52. Be4 Rxa4 53. Bxh7 Ra1+ 54. Kf2 a4 55. Kf3 a3 56. Kg4 a2 57. Kh5 Rd1
58. Kh6 a1=Q 59. Bg6 Rd6 60. g4 Rxg6+ 61. Kxg6 Qe5 62. Ra7 Rb6+ 63. Kh5 Qe8+
64. Kxg5 Qe5+ 65. Kh4 Rh6# {White checkmated} 0-1

[Event "ICC tourney 2004 (25 5)"]
[Site "Internet Chess Club"]
[Date "2020.09.13"]
[Round "1"]
[White "Leolix"]
[Black "MrNormalName"]
[Result "1-0"]
[ICCResult "Black checkmated"]
[WhiteElo "1973"]
[BlackElo "2173"]
[Opening "Queen's pawn: London system"]
[ECO "A45"]
[NIC "QP.07"]
[Time "12:05:49"]
[TimeControl "1500+5"]

1. d4 Nf6 2. Bf4 d5 3. e3 c5 4. c3 Nc6 5. Nd2 e6 6. Ngf3 Bd6 7. Bg3 O-O 8.
Bd3 b6 9. Ne5 Bb7 10. Ndf3 Rc8 11. h4 a6 12. Ng5 h6 13. Qf3 Bxe5 14. dxe5
Nd7 15. Qh5 Ncxe5 16. Bc2 Nf6 17. Qe2 Nc6 18. O-O-O Re8 19. f4 b5 20. e4
hxg5 21. hxg5 Nd7 22. Qh5 Kf8 23. exd5 exd5 24. Rhe1 Re6 25. f5 Re5 26. Bxe5
Ncxe5 27. Qh8+ Ke7 28. Qxg7 Qh8 29. f6+ Kd6 30. Bh7 Qd8 31. Bf5 Qh8 32. Bxd7
Qxg7 33. fxg7 Nxd7 34. Rf1 Ne5 35. Rf6+ Kc7 36. Re1 Nd3+ 37. Kd2 Nxe1 38.
Rxf7+ Kd6 39. Rf8 Nxg2 40. g8=Q Rxf8 41. Qxf8+ Kc6 42. Qf2 Kc7 43. Qxg2 d4
44. Qxb7+ Kxb7 45. g6 dxc3+ 46. bxc3 Kb6 47. g7 Ka5 48. g8=Q Ka4 49. Qa8 a5
50. Qe4+ Ka3 51. Qc6 b4 52. Qxc5 Kxa2 53. Qxa5+ Kb3 54. Qxb4+ Ka2 55. Kc2
Ka1 56. Qb2# {Black checkmated} 1-0

[Event "ICC tourney 2004 (25 5)"]
[Site "Internet Chess Club"]
[Date "2020.09.13"]
[Round "1"]
[White "Almanac2050"]
[Black "musk6868"]
[Result "0-1"]
[ICCResult "White resigns"]
[WhiteElo "1598"]
[BlackElo "2043"]
[Opening "Van't Kruijs opening"]
[ECO "B13"]
[Time "12:04:57"]
[TimeControl "1500+5"]

1. e3 c5 2. d4 cxd4 3. exd4 d5 4. c3 Nc6 5. Nf3 Nf6 6. Bd3 Bg4 7. h3 Bh5 8.
Nbd2 e6 9. Nf1 Bd6 10. Bg5 Qc7 11. N1d2 Bg6 12. Bxg6 hxg6 13. Qc2 O-O-O 14.
O-O-O Kb8 15. Kb1 Rc8 16. Qd3 Qb6 17. Nb3 Ne4 18. Be3 f5 19. g3 Na5 20. Nxa5
Nxc3+ 21. Ka1 Nxd1 22. Rxd1 Qxa5 23. h4 Rc6 24. a3 Rhc8 25. Bf4 Bxf4 26.
gxf4 Qc7 27. Ne5 Rc1+ 28. Rxc1 Qxc1+ 29. Ka2 Qxf4 30. Nd7+ Ka8 31. Nc5 Rxc5
32. dxc5 Qc4+ 33. Qxc4 dxc4 34. b4 cxb3+ 35. Kxb3 Kb8 36. Kc4 Kc7 37. Kd4
Kc6 38. a4 e5+ 39. Kxe5 Kxc5 40. Ke6 b5 41. axb5 Kxb5 42. Kf7 a5 43. Kxg6 a4
44. Kxg7 a3 45. f4 a2 46. Kf6 a1=Q+ 47. Kxf5 Qg7 48. h5 Kc5 {White resigns}
0-1

[Event "ICC tourney 2004 (25 5)"]
[Site "Internet Chess Club"]
[Date "2020.09.13"]
[Round "1"]
[White "Checkmatestone"]
[Black "Slypawn"]
[Result "0-1"]
[ICCResult "White resigns"]
[WhiteElo "1901"]
[BlackElo "2136"]
[Opening "Sicilian: closed, 2...Nc6"]
[ECO "B23"]
[NIC "SI.44"]
[Time "12:04:58"]
[TimeControl "1500+5"]

1. e4 c5 2. Nc3 Nc6 3. Bb5 g6 4. Bxc6 bxc6 5. f4 Bg7 6. Nf3 d5 7. d3 Nf6 8.
O-O O-O 9. Qe1 Rb8 10. Qh4 c4 11. e5 Ne8 12. g4 cxd3 13. cxd3 Ba6 14. f5
Bxd3 15. Rd1 Qb6+ 16. Kg2 Be4 17. Nxe4 dxe4 18. Ng5 h6 19. Nxe4 Qb4 20. Nc3
g5 21. Qg3 Nc7 22. Rf1 Nd5 23. Qf3 Bxe5 24. Nxd5 cxd5 25. h4 Bf6 26. hxg5
hxg5 27. Qh3 Kg7 28. Qf3 Rh8 29. a3 Qd6 30. Qg3 Be5 31. Qd3 Rh2+ 32. Kg1
Rbh8 33. Bxg5 Rh1+ 34. Kf2 R8h2+ 35. Ke1 Rxf1+ 36. Qxf1 Bxb2 37. Bf4 Qc5 38.
Bxh2 Bxa1 39. Qd3 Bc3+ 40. Kf1 a5 41. a4 Bf6 42. Bf4 e5 43. fxe6 fxe6 44. g5
Bd4 45. Bd2 Qf8+ 46. Ke2 Qf2+ 47. Kd1 e5 48. Qa6 Qf3+ 49. Kc2 Qf5+ 50. Kc1
e4 51. Qb7+ Kg6 52. Qc6+ Kh5 53. Qb5 e3 54. Qe2+ Kxg5 55. Bxe3+ Bxe3+ 56.
Qxe3+ Qf4 57. Qxf4+ Kxf4 58. Kd2 Ke4 59. Ke2 Kd4 60. Kd2 Kc4 61. Kc2 Kb4 62.
Kd3 Kxa4 63. Kd4 Kb3 64. Kxd5 a4 {White resigns} 0-1

[Event "ICC tourney 2004 (25 5)"]
[Site "Internet Chess Club"]
[Date "2020.09.13"]
[Round "2"]
[White "clair"]
[Black "town"]
[Result "0-1"]
[ICCResult "White checkmated"]
[WhiteElo "1716"]
[BlackElo "2155"]
[Opening "Queen's pawn, Mason variation, Steinitz counter-gambit"]
[ECO "D00"]
[NIC "QP.08"]
[Time "13:31:37"]
[TimeControl "1500+5"]

1. d4 d5 2. Bf4 c5 3. e3 Nc6 4. c3 Bf5 5. Nf3 Qb6 6. Qc1 Nf6 7. Nbd2 e6 8.
h3 Rc8 9. Nh4 cxd4 10. Nxf5 exf5 11. cxd4 Be7 12. Qb1 Nb4 13. Bd3 Rc1+ 14.
Qxc1 Nxd3+ 15. Ke2 Nxc1+ 16. Rhxc1 O-O 17. Nb3 Bd6 18. Bxd6 Qxd6 19. Nc5 Ne4
20. Nxb7 Qb6 21. Nc5 Qxb2+ 22. Kd3 Nxf2# {White checkmated} 0-1

[Event "ICC tourney 2004 (25 5)"]
[Site "Internet Chess Club"]
[Date "2020.09.13"]
[Round "2"]
[White "Checkmatestone"]
[Black "chessrex"]
[Result "1-0"]
[ICCResult "Black resigns"]
[WhiteElo "1978"]
[BlackElo "1987"]
[Opening "Philidor: López counter-gambit"]
[ECO "C41"]
[NIC "KP.10"]
[Time "13:31:34"]
[TimeControl "1500+5"]

1. e4 e5 2. Nf3 d6 3. Bc4 f5 4. d3 c6 5. O-O f4 6. d4 Qf6 7. dxe5 dxe5 8. b3
Bg4 9. Bb2 Bd6 10. Be2 Ne7 11. c4 Nd7 12. Qd2 Bxf3 13. Bxf3 O-O-O 14. b4 Nf8
15. Qc3 h5 16. Na3 g5 17. Rad1 Nfg6 18. c5 Bc7 19. Rxd8+ Bxd8 20. Rd1 Bc7
21. b5 g4 22. Be2 Rg8 23. g3 f3 24. Bf1 h4 25. Nc4 hxg3 26. fxg3 f2+ 27. Kg2
cxb5 28. Nd6+ Bxd6 29. cxd6+ Nc6 30. Bxb5 Qf3+ 31. Qxf3 gxf3+ 32. Kxf2 Rf8
33. d7+ Kd8 34. Bxc6 bxc6 35. Rd6 Rg8 36. Bc3 Ke7 37. Bb4 Kd8 38. Ba5+ Ke7
39. d8=Q+ Rxd8 40. Rxd8 {Black resigns} 1-0

[Event "ICC tourney 2004 (25 5)"]
[Site "Internet Chess Club"]
[Date "2020.09.13"]
[Round "2"]
[White "vyomvidy"]
[Black "Xuanli28"]
[Result "1-0"]
[ICCResult "Black resigns"]
[WhiteElo "2329"]
[BlackElo "2238"]
[Opening "Dunst (Sleipner, Heinrichsen) opening"]
[ECO "D00"]
[NIC "VO.15"]
[Time "13:31:23"]
[TimeControl "1500+5"]

1. Nc3 Nf6 2. d4 d5 3. Bf4 e6 4. e3 Be7 5. Nf3 O-O 6. Bd3 b6 7. O-O Bb7 8.
Re1 a6 9. e4 dxe4 10. Nxe4 Nxe4 11. Bxe4 Bxe4 12. Rxe4 Nd7 13. Qd2 Nf6 14.
Ree1 c5 15. Rad1 cxd4 16. Nxd4 Rc8 17. Qe2 Nd5 18. Nxe6 Nxf4 19. Nxf4 Bd6
20. Ne6 fxe6 21. Qxe6+ Kh8 22. Rxd6 Qh4 23. Rd2 Qb4 24. c3 Qb5 25. Qd5 Rc5
26. Qd3 Qc6 27. Qd6 Kg8 28. Qxc6 Rxc6 29. Re7 h6 30. Rdd7 Rg6 31. g3 Rff6
32. h4 a5 33. Re8+ Rf8 34. Rxf8+ Kxf8 35. Rb7 Re6 36. Kg2 Kg8 37. g4 Kh7 38.
h5 Kg8 39. Kg3 Kf8 40. f4 Kg8 41. g5 hxg5 42. fxg5 Kf8 43. Kf4 Kg8 44. Kf5
Rc6 45. Rb8+ Kf7 46. g6+ Ke7 47. Rg8 Rc5+ 48. Kg4 Kf6 49. Rf8+ Ke6 50. Rf7
Rc4+ 51. Kf3 Rh4 52. Rxg7 Rxh5 53. Rb7 Rg5 54. Rxb6+ Kd7 55. Ra6 Kc7 56. Kf4
Rg2 57. Rxa5 Rxg6 58. Rb5 Rg2 59. Rb4 Rg1 60. a4 Ra1 61. Ke4 Kc6 62. Kd4
Rd1+ 63. Kc4 Ra1 64. Kb3 Rf1 65. Rc4+ Kb6 66. Kb4 Rf5 67. a5+ Rxa5 68. Rc6+
{Black resigns}
1-0

[Event "ICC tourney 2004 (25 5)"]
[Site "Internet Chess Club"]
[Date "2020.09.13"]
[Round "2"]
[White "Drachekokosnuss"]
[Black "Leolix"]
[Result "1-0"]
[ICCResult "Black resigns"]
[WhiteElo "2158"]
[BlackElo "1946"]
[Opening "Sicilian: Taimanov (Bastrikov) variation"]
[ECO "B47"]
[NIC "SI.40"]
[Time "13:31:40"]
[TimeControl "1500+5"]

1. e4 c5 2. Nf3 e6 3. d4 cxd4 4. Nxd4 Nc6 5. Nc3 Qc7 6. g3 a6 7. Bg2 b5 8.
O-O Bb7 9. Be3 Nf6 10. f4 d6 11. f5 e5 12. Nb3 Be7 13. Bg5 Qb6+ 14. Kh1
O-O-O 15. Bxf6 Bxf6 16. a4 b4 17. Nd5 Qa7 18. Qd2 a5 19. c3 bxc3 20. Nxc3
Kb8 21. Nb5 Qb6 22. Rfd1 Be7 23. Rac1 h6 24. Qc3 h5 25. Rc2 h4 26. Rcd2 hxg3
27. Qxg3 Rh6 28. Qxg7 Rdh8 29. h3 Qe3 30. Rd3 Qe2 31. Nc3 Qxb2 32. Nd5 R6h7
33. Qg3 Bf8 34. R3d2 Qa3 35. Ra1 Rg7 36. Qe3 Rxg2 37. Rxg2 Bh6 38. Qc3 Bd2
39. Rxd2 {Black resigns} 1-0

[Event "ICC tourney 2004 (25 5)"]
[Site "Internet Chess Club"]
[Date "2020.09.13"]
[Round "2"]
[White "TjkTiger"]
[Black "andrewjiang2"]
[Result "1-0"]
[ICCResult "Black resigns"]
[WhiteElo "2612"]
[BlackElo "2070"]
[Opening "English: Mikenas-Carls variation"]
[ECO "A18"]
[NIC "EO.64"]
[Time "13:31:41"]
[TimeControl "1500+5"]

1. c4 e6 2. Nc3 Nf6 3. e4 d6 4. d4 Nbd7 5. Nf3 e5 6. g3 Be7 7. Bg2 O-O 8.
O-O c6 9. h3 Qc7 10. Be3 Re8 11. Qc2 Bf8 12. Rad1 g6 13. Rfe1 Bg7 14. Kh2 a6
15. dxe5 dxe5 16. c5 b6 17. cxb6 Nxb6 18. Na4 Nxa4 19. Qxa4 Bd7 20. Bc5 Bf8
21. Qa3 Bxc5 22. Qxc5 Rab8 23. b3 Rb5 24. Qc2 c5 25. Nd2 Be6 26. Bf1 Rb6 27.
Nc4 Bxc4 28. Bxc4 a5 29. Qd2 Qa7 30. a4 Re7 31. Bb5 Kg7 32. Qe3 Rbe6 33. Re2
Ne8 34. Red2 Nc7 35. Bc4 Rf6 36. Rc1 Qb6 37. Bd5 Na6 38. Kg2 Rc7 39. Qc3 Re7
40. Qc4 Rc7 41. Qb5 Qxb5 42. axb5 Nb4 43. Bc4 Rb6 44. Rd8 Ra7 45. Rc8 a4 46.
bxa4 Rxa4 47. Rxc5 Na2 48. Ra1 Nc3 49. Rxa4 Nxa4 50. Rxe5 Nb2 51. Bf1 Kf6
52. Rc5 Na4 53. Rc4 Nb2 54. Rb4 Nd1 55. Rb3 {Black resigns} 1-0

[Event "ICC tourney 2004 (25 5)"]
[Site "Internet Chess Club"]
[Date "2020.09.13"]
[Round "2"]
[White "Slypawn"]
[Black "KnightHopper"]
[Result "1-0"]
[ICCResult "Black checkmated"]
[WhiteElo "2144"]
[BlackElo "2020"]
[Opening "Sicilian defense"]
[ECO "B20"]
[NIC "SI.48"]
[Time "13:31:43"]
[TimeControl "1500+5"]

1. e4 c5 2. b3 Nc6 3. Bb2 e5 4. Bb5 d6 5. Bxc6+ bxc6 6. Nc3 Nf6 7. Nf3 Bg4
8. h3 Bh5 9. g4 Bg6 10. d3 Qc7 11. Qe2 Be7 12. O-O-O O-O 13. Rdg1 Nd7 14. h4
f6 15. h5 Bf7 16. Nh4 d5 17. Nf5 Nb6 18. Qd2 Rfd8 19. Ba3 Bf8 20. g5 fxg5
21. Qxg5 Be6 22. Nxg7 Bxg7 23. h6 Rd7 24. Bxc5 Qd8 25. Qxe5 Bg4 26. Rxg4 Qc7
27. Qe6+ Kh8 28. hxg7+ Rxg7 29. Bd4 Rg8 30. Rxg7 Rxg7 31. Qe8#
{Black checkmated}
1-0

[Event "ICC tourney 2004 (25 5)"]
[Site "Internet Chess Club"]
[Date "2020.09.13"]
[Round "2"]
[White "BreatheChessAls"]
[Black "londonkid"]
[Result "1/2-1/2"]
[ICCResult "Game drawn because neither player has mating material"]
[WhiteElo "1949"]
[BlackElo "2120"]
[Opening "Queen's pawn: London system"]
[ECO "A45"]
[NIC "QP.07"]
[Time "13:31:25"]
[TimeControl "1500+5"]

1. d4 Nf6 2. Bf4 e6 3. e3 b6 4. Nd2 Bb7 5. c3 Be7 6. h3 O-O 7. Ngf3 c5 8.
Bd3 cxd4 9. exd4 d6 10. O-O Nbd7 11. Re1 h6 12. Qc2 Re8 13. Ne4 Nxe4 14.
Bxe4 Bxe4 15. Qxe4 Nf6 16. Qd3 Bf8 17. Rad1 Qd7 18. Qc2 Rac8 19. Bh2 b5 20.
Qb3 a5 21. a3 Nd5 22. Nd2 Nb6 23. Ne4 Nc4 24. Nd2 d5 25. Nxc4 dxc4 26. Qc2
b4 27. axb4 axb4 28. Ra1 Bd6 29. Bxd6 Qxd6 30. Ra4 b3 31. Qe4 Qd5 32. Qxd5
exd5 33. Rxe8+ Rxe8 34. Kf1 g6 35. Ra5 Rd8 36. Ke2 Kg7 37. Kd2 h5 38. h4 Kf6
39. g3 Rd6 40. Ra7 Ke6 41. Ke3 Kf6 42. Kd2 Kg7 43. Ke2 Re6+ 44. Kd2 Rf6 45.
Ke2 Kh6 46. Ra5 Rd6 47. Ra7 f6 48. Kd2 g5 49. hxg5+ fxg5 50. Ra1 Kg6 51. Ke3
Re6+ 52. Kd2 Kf5 53. Ra5 Rd6 54. Ke2 Kg4 55. Kf1 h4 56. gxh4 gxh4 57. Ra8
Rh6 58. Rg8+ Kf4 59. Rf8+ Kg4 60. Rg8+ Kh3 61. Rg5 Ra6 62. Rxd5 Ra1+ 63. Ke2
Ra2 64. Kf3 Rxb2 65. Re5 Rc2 66. Re1 Rxc3+ 67. Ke4 b2 68. Rb1 Rb3 69. d5 c3
70. Kd3 Kg2 71. d6 h3 72. d7 Rb8 73. Kxc3 h2 74. Rxb2 Rd8 75. f4+ Kg3 76.
Rxh2 Kxh2 77. Kd4 Rxd7+ 78. Ke5 Kg3 79. f5 Kg4 80. Ke6 Ra7 81. f6 Kg5 82. f7
Ra8 83. Ke7 Ra7+ 84. Ke8 Ra8+ 85. Ke7 Ra7+ 86. Ke8 Ra8+ 87. Ke7 Ra7+ 88. Ke8
Rxf7 89. Kxf7 {Game drawn because neither player has mating material}
1/2-1/2

[Event "ICC tourney 2004 (25 5)"]
[Site "Internet Chess Club"]
[Date "2020.09.13"]
[Round "2"]
[White "MrNormalName"]
[Black "challenger2010"]
[Result "0-1"]
[ICCResult "White checkmated"]
[WhiteElo "2183"]
[BlackElo "1992"]
[Opening "Catalan opening"]
[ECO "E00"]
[NIC "CA.01"]
[Time "13:32:18"]
[TimeControl "1500+5"]

1. d4 Nf6 2. c4 e6 3. g3 h5 4. Nf3 b6 5. Bg2 Bb7 6. O-O h4 7. Nxh4 Bxg2 8.
Kxg2 Qc8 9. Nc3 Qb7+ 10. Nf3 Bb4 11. Qd3 Bxc3 12. Qxc3 Ne4 13. Qd3 Na6 14.
a3 g5 15. d5 Nec5 16. Qd4 O-O-O 17. Bxg5 Rdg8 18. Rad1 d6 19. b4 e5 20. Qg4+
Nd7 21. Qf5 f6 22. Be3 e4 23. Qxe4 Ne5 24. Nxe5 fxe5 25. c5 Kb8 26. cxd6
cxd6 27. h4 Nc7 28. Bg5 Ne6 29. Qe3 Nd4 30. Rxd4 exd4 31. Qxd4 Re8 32. Bf4
Ka8 33. Rc1 Rh7 34. e4 Rhe7 35. Re1 Qd7 36. Qf6 Rd8 37. h5 Qe8 38. Qf5 Qg8
39. h6 Rf8 40. Qg5 Qf7 41. Qg7 Qe8 42. Qd4 Qg6 43. e5 Ref7 44. Be3 dxe5 45.
Qxe5 Qg4 46. d6 Qf3+ 47. Kg1 Rf5 48. Qe7 Rh5 49. Qxf8+ Qxf8 50. Kg2 Qxd6 51.
Bf4 Qd5+ 52. f3 Qa2+ 53. Kg1 Rh2 54. Re8+ Kb7 55. Re7+ Ka6 56. Rxa7+ Kxa7
57. Bb8+ Kxb8 58. h7 Qg2# {White checkmated} 0-1

[Event "ICC tourney 2004 (25 5)"]
[Site "Internet Chess Club"]
[Date "2020.09.13"]
[Round "2"]
[White "chessbn"]
[Black "jy2020"]
[Result "0-1"]
[ICCResult "White checkmated"]
[WhiteElo "1945"]
[BlackElo "2243"]
[Opening "Queen's pawn: London system"]
[ECO "A45"]
[NIC "QP.07"]
[Time "13:31:22"]
[TimeControl "1500+5"]

1. d4 Nf6 2. Bf4 d5 3. e3 e6 4. Nf3 Bd6 5. c3 c5 6. Bg3 O-O 7. Nbd2 b6 8.
Bd3 Bb7 9. Qe2 Ne4 10. Rd1 Qe7 11. Bxd6 Qxd6 12. Bxe4 dxe4 13. Ng5 f5 14.
dxc5 Qe7 15. Qh5 h6 16. Nh3 bxc5 17. Nf4 Nd7 18. Nc4 Nf6 19. Qh3 Rfd8 20.
O-O Ba6 21. Ng6 Qc7 22. b3 Bxc4 23. bxc4 Kf7 24. Nf4 Qe5 25. Rb1 Rab8 26. f3
a6 27. fxe4 Qxe4 28. Rxb8 Rxb8 29. Qg3 Rb1 30. Qg6+ Kg8 31. Rxb1 Qxb1+ 32.
Kf2 Ne4+ 33. Kf3 Qf1# {White checkmated} 0-1